 Dungeon Crawl Stone Soup version 0.25-a0-614-g73ad250637 (webtiles) character file.

Game seed: 2618701732973530837, levelgen mode: deterministic

1673 Amnesiac the Quickloader (level 8, -4/39 HPs)
             Began as a Spriggan Hunter on Mar 17, 2020.
             Was a Priest of Okawaru.
             Killed from afar by an electric eel (16 damage)
             ... with a bolt of electricity
             ... on level 6 of the Dungeon.
             The game lasted 00:15:29 (7165 turns).

Amnesiac the Quickloader (Spriggan Hunter)          Turns: 7165, Time: 00:15:29

Health: -4/39      AC:  3    Str: 10    XL:     8   Next: 70%
Magic:  11/11      EV: 21    Int: 13    God:    Okawaru [***...]
Gold:   293        SH:  0    Dex: 19    Spells: 7/7 levels left

rFire    . . .     SeeInvis +   a - +1 hand crossbow
rCold    . . .     Gourm    .   (shield restricted)
rNeg     . . .     Faith    .   c - +0 robe
rPois    .         Spirit   .   (helmet restricted)
rElec    .         Reflect  .   E - +0 cloak
rCorr    .         Harm     .   (gloves unavailable)
MR       +....                  (boots unavailable)
Stlth    ++........             (no amulet)
HPRegen  0.13/turn              h - +3 ring of dexterity
MPRegen  0.12/turn              H - ring of flight

@: very quick
A: very small, unfitting armour, see invisible, herbivore, speed 3, slow
metabolism 2
a: Heroism, Renounce Religion, Evoke Flight


You were on level 6 of the Dungeon.
You worshipped Okawaru.
Okawaru was most pleased with you.
You were not hungry.

You visited 1 branch of the dungeon, and saw 6 of its levels.
You also visited: Sewer.

You collected 293 gold pieces.

Inventory:

Hand Weapons
 a - a +1 hand crossbow (weapon)
 b - a +0 hunting sling
 B - a cursed -1 dagger
 F - a +4 quarterstaff of chaos
Missiles
 d - 43 bolts (quivered)
 k - 103 stones
 s - 7 atropa-tipped darts
 t - 4 poisoned darts
Armour
 c - a +0 robe (worn)
 A - a scarf of cloud immunity
 E - a +0 cloak (worn)
Jewellery
 h - a +3 ring of dexterity (left hand)
 C - an uncursed ring of wizardry
 H - a ring of flight (right hand)
Wands
 e - a wand of random effects (19)
 G - a wand of iceblast (5)
 I - a wand of scattershot (4)
 J - a wand of digging (5)
Scrolls
 i - a scroll of enchant weapon {!r}
 j - 2 scrolls of teleportation {!r}
 m - 3 scrolls of blinking {!r, unknown}
 q - 2 scrolls of amnesia {!r}
 x - 7 scrolls of remove curse {!r}
 y - 2 scrolls of enchant armour {!r}
 z - a scroll of magic mapping {!r}
 D - a scroll of immolation {!r}
Potions
 g - 6 potions of curing {!q, unknown}
 l - a potion of might {!q, unknown}
 n - a potion of magic {!q, unknown}
 o - a potion of flight {!q}
 p - a potion of cancellation {!q, unknown}
 r - a potion of resistance {!q, unknown}
 u - a potion of haste {!q, unknown}
 v - a potion of brilliance {!q, unknown}
 w - 3 potions of ambrosia {!q, unknown}
Comestibles
 f - 10 rations


   Skills:
 + Level 2.7 Fighting
 - Level 10.0 Crossbows
 + Level 5.0 Dodging
 - Level 1.5 Stealth
 * Level 3.7 Invocations
 + Level 3.4 Evocations


You had 7 spell levels left.
You didn't know any spells.
Your spell library was empty.

Dungeon Overview and Level Annotations

Branches:
Dungeon (6/15)             Temple (0/1) D:5           Sewer (visited)

Altars:
Cheibriados
Elyvilon
Fedhas
Kikubaaqudgha
Okawaru
Qazlal
Xom

Shops:
D:5 *


Innate Abilities, Weirdness & Mutations

You are very small and have problems with some larger weapons.
You are too small for most types of armour.
You have supernaturally acute eyesight. (SInv)
You are a herbivore.
You cover ground extremely quickly.
You need to consume almost no food.


Message History

Aim: a bullfrog You shoot a bolt.
The bolt hits the bullfrog!
The bullfrog is heavily wounded.
The bullfrog barely misses you. x2
Firing (i - inventory. (/) - cycle)
d - 46 bolts (quivered)
Press: ? - help, Shift-Dir - straight line, f/p - bullfrog
Aim: a bullfrog (heavily wounded)
You shoot a bolt. The bolt barely misses the bullfrog.
The bullfrog completely misses you.
Firing (i - inventory. (/) - cycle)
d - 45 bolts (quivered)
Press: ? - help, Shift-Dir - straight line, f/p - bullfrog
Aim: a bullfrog (heavily wounded)
You shoot a bolt. The bolt hits the bullfrog.
The bullfrog is heavily wounded.
The bullfrog hits you! The bullfrog completely misses you.
Firing (i - inventory. (/) - cycle)
d - 44 bolts (quivered)
Press: ? - help, Shift-Dir - straight line, f/p - bullfrog
Aim: a bullfrog (heavily wounded)
You shoot a bolt. The bolt closely misses the bullfrog.
The bullfrog closely misses you.
Firing (i - inventory. (/) - cycle)
d - 43 bolts (quivered)
Press: ? - help, Shift-Dir - straight line, f/p - bullfrog
Aim: a bullfrog (heavily wounded)
You shoot a bolt. The bolt hits the bullfrog!
The bullfrog is almost dead.
The bullfrog closely misses you. The bullfrog barely misses you.
Firing (i - inventory. (/) - cycle)
d - 42 bolts (quivered)
Press: ? - help, Shift-Dir - straight line, f/p - bullfrog
Aim: a bullfrog (almost dead)
You shoot a bolt. The bolt hits the bullfrog!
You kill the bullfrog!
Okawaru accepts your kill.
Your Dodging skill increases to level 5!
No target in view!
d - 43 bolts (gained 2)
You see here a bullfrog corpse.
d - 46 bolts (gained 3)
You see here a bullfrog corpse.
An electric eel comes into view.
Firing (i - inventory. (/) - cycle)
d - 46 bolts (quivered)
Press: ? - help, Shift-Dir - straight line, f - electric eel
Aim: an electric eel (water, resting)
You shoot a bolt. The bolt hits the electric eel!
The electric eel is heavily wounded.
You hear a splash.
The electric eel shoots out a bolt of lightning at you!
The bolt of electricity misses you. The bolt of electricity hits you!
* * * LOW HITPOINT WARNING * * *
Firing (i - inventory. (/) - cycle)
d - 45 bolts (quivered)
Press: ? - help, Shift-Dir - straight line, f/p - electric eel
Aim: an electric eel (water, heavily wounded)
You shoot a bolt.
The bolt closely misses the electric eel.
You hear a splash.
The electric eel shoots out a bolt of lightning at you!
The bolt of electricity misses you. x2
Firing (i - inventory. (/) - cycle)
d - 44 bolts (quivered)
Press: ? - help, Shift-Dir - straight line, f/p - electric eel
Aim: an electric eel (water, heavily wounded)
You shoot a bolt. The bolt misses the electric eel.
You hear a splash.
The electric eel shoots out a bolt of lightning at you!
The bolt of electricity misses you. The bolt of electricity hits you!
You die...

#. #############
#......#.....
#.####.#.###.
######.#....#.###.
#........#........
#.####.#....#.#...
#.# #.###..#.....
#@# #........)(..
#;≈...#
#####.#.##.##
###≈####
##......## ≈##
######....[[...
≈≈≈
#.........#####
#.# #......##.###
# #.#
#......##...# #
#.# #......##.#.#
# #.#
#......##.#.# #


You could see an electric eel.

Vanquished Creatures
  A sky beast (D:5)
  The ghost of bmj180 the Conjurer, an amateur DrCj (D:3)
  An ogre (D:6)
  A centaur (D:4)
  3 big kobolds (Sewer)
  3 bullfrogs (D:6)
  A wyvern zombie (D:6)
  3 scorpions
  A howler monkey (D:4)
  2 crimson imps (D:6)
  2 hounds
  An orc priest (D:4)
  Crazy Yiuf (D:2)
  A jelly (D:6)
  3 orc wizards
  2 bullfrog skeletons
  Terence (D:2)
  3 worker ants
  Robin (D:3)
  7 adders
  A river rat (Sewer)
  A shadow imp (D:6)
  6 oozes (Sewer)
  An adder skeleton (D:4)
  3 worms
  4 leopard geckos
  13 orcs
  2 bat zombies (D:2)
  4 giant cockroaches
  20 goblins
  9 hobgoblins
  8 jackals
  7 ball pythons
  9 bats
  6 frilled lizards
  17 kobolds
  A quokka skeleton (D:4)
  7 rats
  2 rat zombies (D:2)
160 creatures vanquished.

Vanquished Creatures (others)
  A rat (D:2)
1 creature vanquished.

Grand Total: 161 creatures vanquished

Notes
Turn   | Place    | Note
-------+----------+-------------------------------------------
     0 | D:1      | Amnesiac the Spriggan Hunter began the quest for the Orb.
     0 | D:1      | Reached XP level 1. HP: 10/10 MP: 2/2
   111 | D:2      | Reached XP level 2. HP: 12/14 MP: 3/3
   155 | D:2      | Noticed Terence
   295 | D:3      | Found a large runed translucent door.
   296 | D:3      | Found a large runed translucent door.
   299 | D:3      | Noticed bmj180's ghost (amateur DrCj)
   316 | D:3      | Found a stormy altar of Qazlal.
   347 | D:3      | Found an iron altar of Okawaru.
   358 | D:3      | Became a worshipper of Warmaster Okawaru
   435 | D:3      | Noticed Robin
   490 | D:3      | Found a glowing drain.
   494 | Sewer    | Entered a sewer
   631 | Sewer    | Noticed a big kobold
   682 | Sewer    | Killed a big kobold
   682 | Sewer    | Reached skill level 5 in Crossbows
   682 | Sewer    | Reached XP level 3. HP: 5/18 MP: 4/4
   682 | Sewer    | Reached XP level 4. HP: 6/22 MP: 5/5
   950 | Sewer    | Noticed a big kobold
  1109 | Sewer    | Killed a big kobold
  1109 | Sewer    | Reached skill level 6 in Crossbows
  1109 | Sewer    | Reached XP level 5. HP: 21/25 MP: 6/6
  1202 | Sewer    | Reached skill level 7 in Crossbows
  1657 | Sewer    | Reached * piety under Okawaru
  1676 | Sewer    | Reached XP level 6. HP: 2/30 MP: 7/7
  1998 | D:3      | Killed Robin
  2472 | D:4      | Reached skill level 8 in Crossbows
  3329 | D:4      | Reached XP level 7. HP: 31/33 MP: 8/8
  3530 | D:4      | Reached skill level 9 in Crossbows
  3972 | D:5      | Entered Level 5 of the Dungeon
  4420 | D:1      | Reached ** piety under Okawaru
  4975 | D:2      | Killed Terence
  5196 | D:2      | Found an ancient bone altar of Kikubaaqudgha.
  5263 | D:2      | Found a white marble altar of Elyvilon.
  5394 | D:2      | Found a shimmering altar of Xom.
  5472 | D:2      | Found a runed translucent door.
  5473 | D:2      | Noticed Crazy Yiuf
  5512 | D:2      | Found a snail-covered altar of Cheibriados.
  5597 | D:2      | Killed Crazy Yiuf
  5775 | D:5      | Found Xemout's Assorted Antiques.
  5787 | D:5      | Reached skill level 10 in Crossbows
  5830 | D:5      | Found a staircase to the Ecumenical Temple.
  6053 | D:5      | Found a blossoming altar of Fedhas.
  6200 | D:3      | Killed bmj180's ghost
  6200 | D:3      | Reached skill level 1 in Invocations
  6200 | D:3      | Reached skill level 1 in Evocations
  6200 | D:3      | Reached XP level 8. HP: 30/39 MP: 9/9
  6989 | D:6      | Reached *** piety under Okawaru
  7087 | D:6      | Reached skill level 5 in Dodging
  7165 | D:6      | Killed from afar by an electric eel

Levels and vault maps discovered:
D:1:      scummos_arrival_simple_fountains, layout_loops_ring
D:2:      layout_rooms, marbit_many_paths, lemuel_zombie_altar_kikubaaqudgha,
          elyvilon_altar_4, xom_teletrap_fun, uniq_crazy_yiuf_cottage,
          uniq_terence
D:3:      layout_rooms, nicolae_overflow_crystal_walls, lemuel_doored_altar,
          ebering_ghost_disaster_area, gup_sewer_entry_bowl, uniq_robin
D:4:      minmay_evil_eye, layout_loops_ring, first_ration,
          kennysheep_cross_bottleneck
D:5:      layout_cave_pools, minmay_temple_entry_drinking_statues, serial_shops,
          shop, fedhas_altar_4
D:6:      layout_loops_cross, lightli_minifort

Skill      XL: |  1  2  3  4  5  6  7  8 |
---------------+-------------------------+-----
Crossbows      | 5 6 7 8 10 | 10.0
Invocations    | 1 3 |  3.7
Evocations     | 1 3 |  3.4
Fighting       | 2 |  2.7
Dodging        | 5 |  5.0
Stealth        | |  1.5

Action                   |  1- 3 |  4- 6 |  7- 9 || total
-------------------------+-------+-------+-------++-------
Melee: Short sword       |    40 |    79 |       ||   119
 Fire: Hand crossbow     |    26 |   113 |   186 ||   325
       Hunting sling     |       |    19 |   118 ||   137
Throw: Dart              |       |    12 |       ||    12
       Stone             |       |    12 |       ||    12
Evoke: Wand              |       |     5 |       ||     5
  Use: Scroll            |       |       |     9 ||     9
 Stab: Sleeping          |     2 |       |       ||     2
  Eat: Ration            |       |       |     3 ||     3
Armor: Robe              |     5 |    12 |     8 ||    25
Dodge: Dodged            |    47 |   105 |   120 ||   272

Table legend:
 A = Non-vault XP
 B = Vault XP
 C = Vault XP percentage of total XP
 D = Non-vault monster count
 E = Vault monster count
 F = Vault count percentage of total count
                 A         B        C        D         E       F
            +---------+---------+-------+---------+---------+-------
      Total |    1488 |     903 |  37.8 |     101 |      59 |  36.9
            +---------+---------+-------+---------+---------+-------
        D:1 |      52 |       0 |   0.0 |      31 |       0 |   0.0
        D:2 |      29 |      83 |  74.1 |      11 |       7 |  38.9
        D:3 |      68 |     162 |  70.4 |      15 |      17 |  53.1
        D:4 |     255 |     268 |  51.2 |      15 |       7 |  31.8
        D:5 |     228 |       0 |   0.0 |       6 |       0 |   0.0
        D:6 |     856 |       0 |   0.0 |      23 |       0 |   0.0
      Sewer |       0 |     390 | 100.0 |       0 |      28 | 100.0
            +---------+---------+-------+---------+---------+-------
